 Dungeon Crawl Stone Soup version 0.28-a0-60-g54b5640690 (webtiles) character file.

Game seed: 9661972089789336407

33 IdlyInterested the Ducker (level 3, -2/24 HPs)
             Began as an Octopode Gladiator on July 30, 2021.
             Slain by a goblin (3 damage)
             ... led by Robin
             ... on level 1 of the Dungeon.
             The game lasted 00:03:24 (1210 turns).

IdlyInterested the Ducker (Octopode Gladiator)      Turns: 1210, Time: 00:03:25

Health: -2/24      AC:  1    Str: 13    XL:     3   Next: 29%
Magic:  3/3        EV: 14    Int: 10    God:
Gold:   24         SH:  0    Dex: 14    Spells: 2/2 levels left

rFire   . . .      SeeInvis .   a - +0 rapier
rCold   . . .      Faith    .   (no shield)
rNeg    . . .      Spirit   .   b - +0 hat
rPois   .          Reflect  .   (no amulet)
rElec   .          Harm     .   (no ring)
rCorr   .          Rampage  .   (no ring)
Will    .....                   (no ring)
Stlth   +++.......              (no ring)
HPRegen 0.08/turn               (no ring)
MPRegen 0.08/turn               (no ring)
                                (no ring)
                                (no ring)

@: no status effects
A: almost no armour, amphibious, 8 rings, camouflage 1, gelatinous body 1,
(nimble swimmer 1), tentacles
a: no special abilities


You were on level 1 of the Dungeon.
You visited 1 branch of the dungeon, and saw 2 of its levels.

You collected 24 gold pieces.

Inventory:

Hand Weapons
 a - a +0 rapier (weapon)
Missiles
 c - 3 throwing nets
 e - 58 stones (quivered)
Armour
 b - a +0 hat (worn)
Scrolls
 d - a scroll of enchant armour {unknown}
 f - a scroll of amnesia {unknown}
 j - a scroll of teleportation {unknown}
Potions
 g - a potion of curing {unknown}
 h - a potion of haste {unknown}
 i - a potion of lignification {unknown}


   Skills:
 - Level 2.0 Fighting
 - Level 3.0 Short Blades
 - Level 2.0 Throwing
 - Level 3.0 Dodging
 - Level 1.0 Stealth
 * Level 2.0 Unarmed Combat
 * Level 1.0 Invocations
 - Level 1.0 Evocations


You had 2 spell levels left.
You didn't know any spells.
Your spell library was empty.

Dungeon Overview and Level Annotations

Branches:
Dungeon (2/15)

Altars:

Annotations:
D:2 Robin


Innate Abilities, Weirdness & Mutations

You cannot wear most types of armour.
You are amphibious.
You can wear up to eight rings at the same time.
Your skin changes colour to match your surroundings (Stealth+).
Your rubbery body absorbs attacks. (AC +1, EV +1)
((You are camouflaged near water. (Stealth+)))
You have tentacles for arms and can constrict up to eight enemies at once.


Message History

You start resting.
HP restored.
You climb downwards.
Level annotation: Robin A hobgoblin comes into view. x2
The goblin hits you with a +0 dagger. x2; The goblin hits you with a +0 club.
The goblin closely misses you. The goblin hits you with a +0 dagger.
The goblin barely misses you.
The hobgoblin moves out of view.
There is a stone staircase leading up here.
The goblin closely misses you. The hobgoblin misses you.
The goblin hits you with a +0 club. The goblin closely misses you.
The goblin misses you.
You climb upwards.
There is a stone staircase leading down here.
You hit the goblin but do no damage. Your grab misses the goblin.
The goblin closely misses you. The hobgoblin barely misses you.
The goblin closely misses you. The goblin hits you with a +0 dagger.
The goblin hits you but does no damage. The goblin closely misses you.
You miss the goblin. You grab the goblin. You constrict the goblin.
The hobgoblin closely misses you. The goblin closely misses you.
The goblin hits you with a +0 dagger. The goblin closely misses you.
The goblin hits you with a +0 club.
* * * LOW HITPOINT WARNING * * *
You barely miss the goblin.
You squeeze the goblin, but do no damage.
The goblin is moderately wounded.
You constrict the goblin.
The hobgoblin hits you but does no damage.
The goblin misses you. The goblin closely misses you.
The goblin hits you with a +0 dagger.
* * * LOW HITPOINT WARNING * * *
The goblin hits you with a +0 club.
* * * LOW HITPOINT WARNING * * *
You hit the goblin.
The goblin is severely wounded.
You constrict the goblin.
You kill the goblin!
The hobgoblin closely misses you. The goblin misses you.
The goblin hits you with a +0 dagger.
You die...

.##.# #....#...........8..
.##.#####
####.#..............
.##.....####
#.#...........###
.###.......# #.#........####
# #.##.##.##.# #.#......###
.###.##.##.# #.#......# .#
#.##.##.# #.######## .#
#.##[##.######># .#
#.#.........g@g#
.###.........#.gg## #######
..............)..# #.....#
.............#...####.....#
###.....#...###...........#
##....##.## #######.....#
#.......###### #.....#
##.#.###.....# ##.###.#######
#....##.###.####......>.....#


You could see a hobgoblin and 3 goblins.

Vanquished Creatures
  A dart slug (D:1)
  An endoplasm (D:1)
  2 giant cockroaches (D:1)
  7 goblins (D:1)
  6 hobgoblins
  2 quokkas (D:1)
  3 ball pythons
  2 bats (D:1)
  A frilled lizard (D:1)
  3 rats (D:1)
28 creatures vanquished.

Notes
Turn   | Place    | Note
-------+----------+-------------------------------------------
     0 | D:1      | IdlyInterested the Octopode Gladiator began the quest for
                  | the Orb.
     0 | D:1      | Reached XP level 1. HP: 14/14 MP: 1/1
   106 | D:1      | Reached skill level 1 in Stealth
   144 | D:1      | Reached XP level 2. HP: 7/19 MP: 2/2
   343 | D:1      | Reached skill level 1 in Unarmed Combat
   431 | D:1      | Found a faded altar of an unknown god.
   475 | D:1      | Reached skill level 1 in Invocations
   475 | D:1      | Reached skill level 1 in Evocations
   786 | D:1      | Reached XP level 3. HP: 19/24 MP: 3/3
  1132 | D:2      | Noticed Robin
  1209 | D:1      | HP: 1/24 [goblin[Robin] (5)]
  1210 | D:1      | Slain by a goblin

Illustrated notes

Levels and vault maps discovered:
D:1:      nicolae_arrival_washed_ashore, layout_loops_ring,
          shapermc_ecumenical_altar_notcrosses
D:2:      layout_rooms, serial_shops,
          nicolae_shop_temple_entry_statues_fountains, nicolae_shop_crystal,
          uniq_robin

Skill      XL: |  1  2  3 |
---------------+----------+-----
Stealth        | 1 |  1.0
Unarmed Combat | 1 2 |  2.0
Invocations    | 1 |  1.0
Evocations     | 1 |  1.0
Fighting       | |  2.0
Short Blades   | |  3.0
Throwing       | |  2.0
Dodging        | |  3.0

Action                   || total
-------------------------++-------
Melee: Rapier            ||    53
       Constrict         ||    11
       Tentacles         ||    12
Throw: Stone             ||     1
 Stab: Sleeping          ||     6
Armor: Skin              ||     5
Dodge: Dodged            ||    49

Table legend: (Time is in decaauts)
 A = Elapsed time spent in this place.
 B = Non-inter-level travel time spent in this place.
 C = Inter-level travel time spent in this place.
 D = Time resting spent in this place.
 E = Time spent auto-exploring this place.
 F = Levels seen in this place.
 G = Mean time per level.
                   A        B        C        D        E       F      G
               +--------+--------+--------+--------+--------+-----+--------+
         Total |   1214 |   1148 |     66 |    342 |    542 |   2 |  607.0 |
       Dungeon |   1214 |   1148 |     66 |    342 |    542 |   2 |  607.0 |
               +--------+--------+--------+--------+--------+-----+--------+

Top non-repeatable levels by time:
     D:1: 1204 daAuts
     D:2: 9 daAuts
